 Dungeon Crawl Stone Soup version 0.26.1-2-gb8aa6d0cf2 (webtiles) character file.

Game seed: 15913072516592786467

3551 H0rd4k the Protected (level 10, -2/74 HPs)
             Began as a Human Artificer on Feb 10, 2021.
             Slain by a manticore (7 damage)
             ... on level 11 of the Dungeon.
             The game lasted 00:20:19 (11367 turns).

H0rd4k the Protected (Human Artificer)             Turns: 11367, Time: 00:20:20

Health: -2/74      AC: 13    Str: 16    XL:     10   Next: 30%
Magic:  10/10      EV: 14    Int: 23    God:
Gold:   341        SH:  0    Dex: 20    Spells: 9/9 levels left

rFire    . . .     SeeInvis .   n - +2 dagger (venom)
rCold    . . .     Faith    .   (no shield)
rNeg     . . .     Spirit   .   x - +0 leather armour of Dishonour {*Slow Int+7}
rPois    .         Reflect  .   e - +2 helmet {Int+3}
rElec    +         Harm     .   E - +1 cloak
rCorr    .         Rampage  .   (no gloves)
Will     .....                  r - +2 pair of boots {run}
Stlth    ++........             v - amulet of Acemat {RegenMP rElec Str+2 Stlth-}
HPRegen  0.22/turn              C - +6 ring of dexterity
MPRegen  0.37/turn              (no ring)

@: quick
A: no striking features
a: no special abilities


You were on level 11 of the Dungeon.
You visited 1 branch of the dungeon, and saw 11 of its levels.
You also visited: Gauntlet.

You collected 341 gold pieces.

Inventory:

Hand Weapons
 a - a +0 club
 i - a +0 hand axe of freezing
 j - a +0 long sword
 n - a +2 dagger of venom (weapon)
Missiles
 l - 25 poisoned darts
 D - 6 boomerangs of dispersal
Armour
 b - a +0 leather armour
 c - a +2 hat
 e - a +2 helmet of intelligence (worn)
 r - a +2 pair of boots of running (worn)
 w - a +3 chain mail of willpower
 x - the +0 leather armour of Dishonour (worn) {*Slow Int+7}
   (You found it in a Gauntlet)

   It affects your intelligence (+7).
   It may slow you when you take damage.
 y - a +0 pair of boots
 E - a +1 cloak (worn)
Jewellery
 p - a +6 ring of dexterity
 v - the amulet of Acemat (around neck) {RegenMP rElec Str+2 Stlth-}
   (You found it in a Gauntlet)

   [amulet of magic regeneration]

   It increases your magic regeneration.
   It affects your strength (+2).
   It insulates you from electricity.
   It makes you less stealthy.
 C - a +6 ring of dexterity (left hand)
 G - an uncursed amulet of guardian spirit {unknown}
 H - an uncursed amulet of faith
Wands
 u - a wand of polymorph (17)
 z - a wand of digging (1)
Scrolls
 f - 4 scrolls of enchant armour
 g - 3 scrolls of amnesia
 h - 2 scrolls of identify
 k - a scroll of random uselessness
 m - 2 scrolls of remove curse
 o - a scroll of teleportation
 B - a scroll of immolation
 I - a scroll of fear {unknown}
 J - a scroll of blinking
Potions
 d - a potion of mutation
 q - a potion of lignification
 s - a potion of experience
 t - a potion of resistance
 A - 2 potions of curing
 F - 2 potions of attraction
Miscellaneous
 K - a phial of floods


   Skills:
 + Level 5.2 Fighting
 + Level 6.9 Short Blades
 + Level 8.2 Armour
 + Level 3.7 Dodging
 + Level 3.7 Stealth
 + Level 6.4 Evocations


You had 9 spell levels left.
You didn't know any spells.
Your spell library contained the following spells:

 Spells                   Type           Power        Failure   Level
 Magic Dart               Conj           0%           19%         1
 Searing Ray              Conj           0%           28%         2
 Dazzling Flash           Conj/Hex       0%           50%         3
 Fulminant Prism          Conj/Hex       0%           88%         4
 Iskenderun's Mystic Bla  Conj/Tloc      0%           88%         4


Dungeon Overview and Level Annotations

Branches:
Dungeon (11/15)            Temple (0/1) D:7         Gauntlet (visited)
   Lair: D:8-11         Orc: D:9-12

Altars:
Okawaru

Shops:
D:10 !

Annotations:
D:4 exclusion: phantom
D:5 exclusion: downstairs


Message History

The bullfrog is almost dead.
The bullfrog hits you.
You hit the bullfrog.
You kill the bullfrog!
You barely miss the manticore. You barely miss the manticore.
The manticore barely misses you. The manticore claws you. x2
You barely miss the manticore. The manticore bites you!!
The manticore claws you. The manticore closely misses you.
You hit the manticore but do no damage. You hit the manticore but do no damage.
The manticore is poisoned.
The manticore bites you! The manticore closely misses you.
The manticore claws you.
You hit the manticore.
The manticore looks as sick as possible!
The manticore is lightly wounded.
The manticore bites you!!
* * * LOW HITPOINT WARNING * * *
The manticore claws you!
You die...

.Y. ... ... #.# #.# .
#.## ... #..##
##...###########...####
......H@..............+
##...###########...####
## ##..# ##.# #.#####
#.##.. ##.##.#
##...#.## #........


You could see a manticore (extremely poisoned).

Vanquished Creatures
  A necromancer (Gauntlet)
  Prince Ribbit (D:5)
  Grinder (D:3)
  3 shadows (Gauntlet)
  Menkaure (D:5)
  A swamp worm (Gauntlet)
  A water moccasin (D:7)
  An orc warrior (D:7)
  5 wolves (Gauntlet)
  A necrophage (D:3)
  2 ogres
  A centaur (D:5)
  A gnoll sergeant (D:7)
  4 bullfrogs
  2 howler monkeys
  A hound (D:10)
  3 orc priests
  6 orc wizards
  Ijyb (D:3)
  Natasha (thrice) (D:3)
  An iguana (D:5)
  2 worker ants
  A worker ant zombie (D:5)
  7 gnolls
  4 adders
  A shadow imp (D:10)
  A white imp (D:7)
  2 adder skeletons
  A worm (D:2)
  2 dart slugs
  2 leopard geckos
  21 orcs
  3 bats
  5 giant cockroaches
  6 goblins
  6 hobgoblins
  4 jackals (D:5)
  15 kobolds
  3 quokkas
  2 ball pythons
  11 frilled lizards
  2 jackal skeletons
  A leopard gecko zombie (D:8)
  A quokka skeleton (D:7)
  6 rats
150 creatures vanquished.

Vanquished Creatures (collateral kills)
  An orc priest (D:3)
  2 gnolls (D:7)
  2 orcs
5 creatures vanquished.

Vanquished Creatures (others)
  2 orc wizards
  A worker ant (D:4)
  3 gnolls
  2 orcs
  A goblin (D:1)
  A fungus (Gauntlet)
  A plant (D:7)
11 creatures vanquished.

Grand Total: 166 creatures vanquished

Notes
Turn   | Place    | Note
-------+----------+-------------------------------------------
     0 | D:1      | H0rd4k the Human Artificer began the quest for the Orb.
     0 | D:1      | Reached XP level 1. HP: 15/15 MP: 1/1
   341 | D:1      | Reached XP level 2. HP: 11/21 MP: 2/2
  1026 | D:1      | Reached XP level 3. HP: 22/26 MP: 3/3
  2152 | D:3      | Reached XP level 4. HP: 12/32 MP: 4/4
  2883 | D:3      | Noticed a necrophage
  2889 | D:3      | Killed a necrophage
  2890 | D:3      | Reached skill level 3 in Armour
  2890 | D:3      | Reached XP level 5. HP: 38/38 MP: 5/5
  3062 | D:3      | Noticed Natasha
  3079 | D:3      | Killed Natasha
  3080 | D:3      | Reached skill level 1 in Short Blades
  3080 | D:3      | Reached XP level 6. HP: 37/44 MP: 6/6
  3429 | D:3      | Noticed Ijyb
  3430 | D:3      | Noticed Grinder
  4120 | D:4      | Noticed a phantom
  4570 | D:3      | Killed Ijyb
  4626 | D:3      | Reached XP level 7. HP: 50/51 MP: 7/7
  4701 | D:3      | Killed Grinder
  4702 | D:3      | Reached skill level 4 in Armour
  4717 | D:3      | Found a faded altar of an unknown god.
  5469 | D:3      | Noticed Natasha
  5480 | D:3      | Killed Natasha
  5662 | D:3      | Noticed Natasha
  5669 | D:3      | Killed Natasha
  5670 | D:3      | Reached XP level 8. HP: 46/58 MP: 8/8
  6293 | D:5      | Entered Level 5 of the Dungeon
  6318 | D:5      | Noticed Prince Ribbit
  6335 | D:5      | Killed Prince Ribbit
  6649 | D:5      | Noticed Menkaure
  6658 | D:5      | Killed Menkaure
  6659 | D:5      | Reached skill level 5 in Evocations
  7578 | D:5      | Reached skill level 5 in Armour
  7668 | D:6      | Reached skill level 5 in Short Blades
  7668 | D:6      | Reached XP level 9. HP: 57/65 MP: 9/9
  8044 | D:7      | Found a staircase to the Ecumenical Temple.
  8494 | D:7      | Reached skill level 6 in Armour
  8920 | D:7      | Noticed a deep elf mage
  9283 | D:8      | Found an iron altar of Okawaru.
  9645 | D:10     | Entered Level 10 of the Dungeon
  9702 | D:10     | Noticed a brown ugly thing
  9936 | D:10     | Found Niluf's Distillery.
 10109 | D:11     | Found a gate leading to a gauntlet.
 10117 | Gauntlet | Entered a Gauntlet
 10117 | Gauntlet | Found a transporter.
 10117 | Gauntlet | Found a transporter.
 10121 | Gauntlet | Noticed a necromancer
 10127 | Gauntlet | Found a transporter.
 10132 | Gauntlet | Found a transporter.
 10139 | Gauntlet | Found a transporter.
 10143 | Gauntlet | Found a transporter.
 10146 | Gauntlet | Noticed a green death
 10146 | Gauntlet | Noticed an orange demon
 10147 | Gauntlet | Found a runed translucent door.
 10147 | Gauntlet | Noticed an orange demon
 10149 | Gauntlet | Found a runed translucent door.
 10151 | Gauntlet | Found a transporter.
 10168 | Gauntlet | Found a transporter.
 10185 | Gauntlet | Found a transporter.
 10186 | Gauntlet | Found a transporter.
 10186 | Gauntlet | Noticed a hornet
 10188 | Gauntlet | Noticed a hornet
 10188 | Gauntlet | Noticed a hornet
 10194 | Gauntlet | Found a transporter.
 10204 | Gauntlet | Noticed a wizard
 10222 | Gauntlet | Found a transporter.
 10281 | Gauntlet | Killed a necromancer
 10289 | Gauntlet | Reached skill level 7 in Armour
 10302 | Gauntlet | Reached XP level 10. HP: 29/73 MP: 10/10
 10330 | Gauntlet | Reached skill level 5 in Fighting
 10605 | Gauntlet | Identified a +2 pair of boots of running (You found it in a
                  | Gauntlet)
 10622 | Gauntlet | Got a twitching emerald amulet
 10803 | Gauntlet | Identified the amulet of Acemat {RegenMP rElec Str+2
                  | Stlth-} (You found it in a Gauntlet)
 10827 | Gauntlet | Reached skill level 8 in Armour
 10895 | Gauntlet | Noticed a minotaur
 11116 | Gauntlet | Got a scorched leather armour
 11311 | D:11     | Identified the cursed +0 leather armour of Dishonour {*Slow
                  | Int+7} (You found it in a Gauntlet)
 11353 | D:11     | Noticed a manticore
 11367 | D:11     | Slain by a manticore

Illustrated notes

Levels and vault maps discovered:
D:1:      nicolae_arrival_washed_ashore, layout_basic
D:2:      layout_basic, st_stairs_9
D:3:      layout_basic, chequers_ecumenical_altar_simple, uniq_grinder,
          uniq_ijyb, uniq_natasha
D:4:      layout_loops_ring, serial_bayou_lagoon_b
D:5:      layout_basic, uniq_menkaure, uniq_prince_ribbit1
D:6:      layout_layer_cave, nzn_overflow_gifts_of_might_and_magic,
          grunt_temple_overflow_open, nemelex_diamond_rough_becter
D:7:      layout_layer_cave, minmay_temple_entry_hall,
          nicolae_ossuary_entry_catacombs, guppyfry_early_elven_hall
D:8:      minmay_chambers_of_fours, layout_gridville, overflow_temple_1_default
D:9:      layout_basic, library_closet
D:10:     layout_roguey, erik_lair_island, serial_shops, shop, shop_statue, shop
D:11:     layout_loops_corners, gauntlet_entry_generic, minmay_joined_circles

Skill      XL: |  1  2  3  4  5  6  7  8  9 10 |
---------------+-------------------------------+-----
Evocations     | 4 5 6 |  6.4
Fighting       | 2 3 4 5 |  5.2
Armour         | 3 4 5 7 8 |  8.2
Dodging        | 2 3 |  3.7
Short Blades   | 1 3 5 6 |  6.9
Stealth        | 2 3 |  3.7

Action                   |  1- 3 |  4- 6 |  7- 9 | 10-12 || total
-------------------------+-------+-------+-------+-------++-------
Melee: Club              |    39 |       |       |       ||    39
       Hand axe          |    33 |       |       |       ||    33
       Dagger            |    45 |   130 |   423 |    57 ||   655
Evoke: Wand              |     7 |    12 |    31 |     7 ||    57
  Use: Scroll            |       |       |    16 |     5 ||    21
       Potion            |       |       |     2 |     3 ||     5
 Stab: Betrayed ally     |       |       |     1 |       ||     1
Armor: Leather armour    |    28 |    25 |       |       ||    53
       Chain mail        |       |     5 |   206 |    34 ||   245
Dodge: Dodged            |    73 |    68 |   135 |    29 ||   305
